 Dungeon Crawl Stone Soup version 0.27-a0-1136-g0b992a5a9d (webtiles) character file.

Game seed: 395480527368400043

48 Zeld the Skirmisher (level 3, -2/26 HPs)
             Began as an Octopode Fighter on May 4, 2021.
             Slain by a shadow imp (3 damage)
             ... summoned by Natasha
             ... on level 2 of the Dungeon.
             The game lasted 00:03:37 (1517 turns).

Zeld the Skirmisher (Octopode Fighter)              Turns: 1517, Time: 00:03:38

Health: -2/26      AC:  1    Str: 16    XL:     3   Next: 72%
Magic:  3/3        EV: 11    Int: 10    God:
Gold:   53         SH:  9    Dex: 11    Spells: 2/2 levels left

rFire    . . .     SeeInvis .   a - +0 war axe
rCold    . . .     Faith    .   b - +0 kite shield
rNeg     . . .     Spirit   .   (helmet restricted)
rPois    .         Reflect  .   (no amulet)
rElec    .         Harm     .   (no ring)
rCorr    .         Rampage  .   (no ring)
Will     .....                  (no ring)
Stlth    ++........             (no ring)
HPRegen  0.08/turn              (no ring)
MPRegen  0.08/turn              (no ring)
                                (no ring)
                                (no ring)

@: slowed, very slow
A: almost no armour, amphibious, 8 rings, camouflage 1, gelatinous body 1,
(nimble swimmer 1), tentacles
a: no special abilities


You were on level 2 of the Dungeon.
You visited 1 branch of the dungeon, and saw 2 of its levels.

You collected 53 gold pieces.

Inventory:

Hand Weapons
 a - a +0 war axe (weapon)
Armour
 b - a +0 kite shield (worn)
Scrolls
 e - a scroll of fear {unknown}
 h - a scroll of identify {unknown}
 i - a scroll of teleportation {unknown}
Potions
 c - a potion of might
 d - a potion of brilliance {unknown}
 f - a potion of cancellation {unknown}
 g - a potion of attraction {unknown}


   Skills:
 * Level 3.5 Fighting
 * Level 2.7 Axes
 - Level 3.0 Dodging
 * Level 3.5 Shields


You had 2 spell levels left.
You didn't know any spells.
Your spell library was empty.

Dungeon Overview and Level Annotations

Branches:
Dungeon (2/15)

Altars:

Annotations:
D:2 Natasha


Innate Abilities, Weirdness & Mutations

You cannot wear most types of armour.
You are amphibious.
You can wear up to eight rings at the same time.
Your skin changes colour to match your surroundings (Stealth+).
Your rubbery body absorbs attacks. (AC +1, EV +1)
((You are camouflaged near water. (Stealth+)))
You have tentacles for arms and can constrict up to eight enemies at once.


Message History

You constrict the adder.
You kill the adder!
You feel sick.
You are no longer poisoned.
You are too injured to fight recklessly!
Key pressed, stopping explore.
h - a scroll labelled KYORGHISAQU
i - a scroll labelled ADUTUT TAEDOQICK You now have 53 gold pieces (gained 15).
There is an open door here.
Found 20 stones.
Found 17 stones and 18 arrows.
A bat comes into view.
The bat hits you but does no damage. You block the bat's attack.
You slash the bat!
You kill the bat!
No target in view!
Natasha, Servant of Life and Death comes into view.
Natasha hisses angrily.
Natasha casts a spell.
You see here a bat corpse.
Natasha is nearby!
Natasha is nearby!
The crimson imp shouts!
Natasha casts a spell at you.
You feel yourself slow down. Natasha casts a spell at you.
The magic dart hits you!
You closely miss Natasha. You grab Natasha. You constrict Natasha.
Natasha casts a spell at you. The magic dart hits you!
Natasha casts a spell.
You are too injured to fight recklessly!
You hit Natasha but do no damage.
Natasha is moderately wounded.
You hit the shadow imp. You constrict Natasha! Natasha claws you!
* * * LOW HITPOINT WARNING * * *
The shadow imp hits you.
You die...

#.....#.#
##.#..#.#
#.#..#.#
.###.#..#.#
..........#
##.....### .
#.##..# ...
#(#†###.....
#(#.@h5.....
# #5###.....
#.. ... ...
. ####. #


You could see Natasha, a crimson imp (summoned) and a shadow imp (summoned).

Vanquished Creatures
  An adder (D:2)
  3 ball pythons
  2 endoplasms (D:1)
  4 giant cockroaches
  2 goblins (D:1)
  6 hobgoblins
  4 jackals (D:2)
  3 quokkas
  3 bats
  3 frilled lizards (D:1)
  A kobold (D:2)
  3 rats (D:1)
35 creatures vanquished.

Notes
Turn   | Place    | Note
-------+----------+-------------------------------------------
     0 | D:1      | Zeld the Octopode Fighter began the quest for the Orb.
     0 | D:1      | Reached XP level 1. HP: 16/16 MP: 1/1
   230 | D:1      | Reached XP level 2. HP: 18/21 MP: 2/2
   636 | D:1      | Reached XP level 3. HP: 26/26 MP: 3/3
  1512 | D:2      | Noticed Natasha
  1517 | D:2      | HP: 1/26 [Natasha (8)]
  1517 | D:2      | Slain by a shadow imp

Illustrated notes

Levels and vault maps discovered:
D:1:      elethiomel_arrival_shortcut, layout_loops_ring
D:2:      kennysheep_six_static_rooms, layout_loops_ring, basic_altar,
          basic_ecumenical_altar, minmay_pentomino_q2, uniq_natasha

Action                   || total
-------------------------++-------
Melee: War axe           ||    62
       Constrict         ||    16
       Tentacles         ||    10
 Stab: Sleeping          ||     8
Armor: Skin              ||     3
Dodge: Dodged            ||    27
Block: Kite shield       ||    27

Table legend: (Time is in decaauts)
 A = Elapsed time spent in this place.
 B = Non-inter-level travel time spent in this place.
 C = Inter-level travel time spent in this place.
 D = Time resting spent in this place.
 E = Time spent auto-exploring this place.
 F = Levels seen in this place.
 G = Mean time per level.
                   A        B        C        D        E       F      G
               +--------+--------+--------+--------+--------+-----+--------+
         Total |   1556 |   1538 |     18 |      0 |   1308 |   2 |  778.0 |
       Dungeon |   1556 |   1538 |     18 |      0 |   1308 |   2 |  778.0 |
               +--------+--------+--------+--------+--------+-----+--------+

Top non-repeatable levels by time:
     D:1: 911 daAuts
     D:2: 645 daAuts
